 Dungeon Crawl Stone Soup version 0.27.1-33-g824d729ab1 (webtiles) character file.

Game seed: 1045185011611564487

53 vivovinco the Chopper (level 3, -2/29 HPs)
             Began as a Demonspawn Chaos Knight on Dec 28, 2021.
             Was a Plaything of Xom.
             Slain by a river rat (3 damage)
             ... on level 3 of the Dungeon.
             The game lasted 00:06:59 (988 turns).

vivovinco the Chopper (Demonspawn Chaos Knight)      Turns: 988, Time: 00:06:59

Health: -2/29      AC: 10    Str: 13    XL:     3   Next: 62%
Magic:  3/3        EV:  3    Int: 13    God:    Xom [.*....]
Gold:   46         SH:  0    Dex: 12    Spells: 2/2 levels left

rFire    . . .     SeeInvis .   a - +0 hand axe (chaos)
rCold    . . .     Faith    .   (no shield)
rNeg     . . .     Spirit   .   h - +0 plate armour
rPois    .         Reflect  .   (helmet restricted)
rElec    .         Harm     .   (no cloak)
rCorr    .         Rampage  .   (no gloves)
Will     .....                  (no boots)
Stlth    ..........             (no amulet)
HPRegen  0.09/turn              (no ring)
MPRegen  0.08/turn              (no ring)

@: no status effects
A: horns 1
a: Renounce Religion


You were on level 3 of the Dungeon.
You worshipped Xom.
You were a plaything of Xom.
You visited 1 branch of the dungeon, and saw 3 of its levels.

You collected 46 gold pieces.

Inventory:

Hand Weapons
 a - a +0 hand axe of chaos (weapon)
Missiles
 c - 81 stones (quivered)
 i - 5 bolts
Armour
 b - a +2 leather armour
 h - a +0 plate armour (worn)
Scrolls
 d - a scroll of magic mapping {unknown}
 g - a scroll of enchant armour {unknown}
 j - a scroll of amnesia {unknown}
 k - a scroll of acquirement {unknown}
Potions
 e - a potion of curing {unknown}
 f - a potion of flight {unknown}


   Skills:
 + Level 3.3 Fighting
 + Level 3.5 Axes
 + Level 0.3 Throwing
 + Level 2.1 Armour
 + Level 1.2 Dodging


You had 2 spell levels left.
You didn't know any spells.
Your spell library was empty.

Dungeon Overview and Level Annotations

Branches:
Dungeon (3/15)

Altars:

Shops:
D:3 :

Portals:
Sewer: D:3


Innate Abilities, Weirdness & Mutations

You have a pair of small horns on your head.


Message History

You hit the river rat but do no damage. Your headbutt misses the river rat.
The river rat is heavily wounded.
You completely miss the giant cockroach.
You hit the river rat but do no damage.
The giant cockroach bites you but does no damage.
The river rat bites you but does no damage. x2
You hit the river rat.
The river rat is poisoned.
You headbutt the river rat.
The river rat is almost dead.
You closely miss the giant cockroach. You hit the river rat but do no damage.
You kill the river rat!
The giant cockroach bites you but does no damage.
The river rat barely misses you.
You hit the rat. You freeze the rat.
You kill the rat!
You hit the river rat but do no damage.
The river rat seems to speed up.
You hit the giant cockroach. You drain the giant cockroach.
The giant cockroach barely misses you. The river rat bites you.
The giant cockroach bites you but does no damage.
You closely miss the river rat.
You hit the giant cockroach but do no damage.
The river rat completely misses you.
The river rat bites you but does no damage.
The giant cockroach bites you but does no damage.
You hit the river rat but do no damage. You hit the giant cockroach.
You kill the giant cockroach!
The river rat bites you but does no damage.
The river rat bites you.
* * * LOW HITPOINT WARNING * * *
You completely miss the river rat.
The river rat bites you but does no damage.
Okay, then.
You closely miss the river rat. The river rat bites you.
* * * LOW HITPOINT WARNING * * *
The river rat completely misses you.
You closely miss the river rat. You headbutt the river rat.
The river rat is lightly wounded.
The river rat bites you.
* * * LOW HITPOINT WARNING * * *
The river rat bites you.
You die...

..............# .#
.... .....#.###....#
## ...
#.∩...#.###....####
...
...................
... ..#............
.... #.............
..... #†............
......#..<..........
.......@...........
........r......#+#.
..$............#
###...≈≈≈......#
#..≈≈≈≈≈.....
#..≈≈∩≈≈.....
#..≈≈≈≈≈...##
#...≈≈≈...##


You could see a river rat (fast).

Vanquished Creatures
  A river rat (D:3)
  An adder (D:3)
  3 ball pythons (D:1)
  3 endoplasms
  3 giant cockroaches
  3 hobgoblins (D:1)
  4 jackals (D:2)
  2 quokkas (D:1)
  2 bats (D:3)
  A frilled lizard (D:1)
  5 kobolds
  4 rats
32 creatures vanquished.

Notes
Turn   | Place    | Note
-------+----------+-------------------------------------------
     0 | D:1      | vivovinco the Demonspawn Chaos Knight began the quest for
                  | the Orb.
     0 | D:1      | Reached XP level 1. HP: 18/18 MP: 1/1
    83 | D:1      | XOM: silly message
   108 | D:2      | XOM: confusion (+ monsters)
   146 | D:1      | Gained mutation: You have a pair of small horns on your
                  | head. [demonic ancestry]
   146 | D:1      | Reached XP level 2. HP: 24/24 MP: 2/2
   186 | D:1      | XOM: cloud trail
   383 | D:1      | XOM: confuse monster(s)
   384 | D:1      | Reached skill level 1 in Dodging
   455 | D:1      | Found a faded altar of an unknown god.
   787 | D:2      | XOM: cast spell 'Dispersal'
   922 | D:3      | Reached XP level 3. HP: 29/29 MP: 3/3
   967 | D:3      | Found Uwiemm's Book Shoppe.
   973 | D:3      | Found a glowing drain.
   988 | D:3      | HP: 1/29 [river rat (2)]
   988 | D:3      | Slain by a river rat

Illustrated notes

Levels and vault maps discovered:
D:1:      giann_wishing_wells, layout_rooms,
          hellmonk_ecumenical_altar_pennies_from_heaven, minmay_tripent
D:2:      layout_basic, uniq_robin, uniq_jessica, uniq_crazy_yiuf_cottage
D:3:      layout_basic, serial_shops, nicolae_diamond_shop,
          nicolae_shop_crystal, shop, shop, portal_sewer_entry_a,
          chequers_arboretum

Skill      XL: |  1  2 |
---------------+-------+-----
Axes           | 3 |  3.5
Dodging        | 1 |  1.2
Armour         | 2 |  2.1
Fighting       | |  3.3
Throwing       | |  0.3

Action                   || total
-------------------------++-------
Melee: Hand axe          ||    96
       Headbutt          ||     8
Throw: Stone             ||    35
Armor: Leather armour    ||    21
       Plate armour      ||    47
Dodge: Dodged            ||    45
